Map: Scythe of Amon

Players

wasp

  • Race: Protoss Protoss

larsgj

  • Race: Terran Terran

VOD

Have the link to the VOD?

Description

Time

  • Played on: Sept. 14, 2018, 9:23 a.m.
  • Length: 23:55
Show
View Real Time Build Order
Export as new Build Order

wasp Protoss 

Build Orders:  

Get SALT Encoding   

    0:11  Probe x12 (Chrono Boost)  
    0:26  Unknown x6  
  12  0:50  Pylon  
  12  1:18  Gateway  
  12  1:25  Gateway  
  12  1:36  Assimilator  
  12  1:45  Assimilator  
  12  2:07  Pylon  
  12  2:18  Forge  
  12  2:34  Legionnaire  
  15  3:01  Cybernetics Core  
  15  4:47  Warp Gate  
  15  4:54  Legionnaire  
  18  5:24  Legionnaire  
  21  5:53  Legionnaire  
  21  6:23  Legionnaire  
  24  6:53  Legionnaire  
  21  7:42  Legionnaire  
  21  7:43  Legionnaire  
  24  8:12  Legionnaire  
  24  8:13  Legionnaire  
  30  11:16  Pylon  
  30  11:23  Pylon  
  30  11:41  Legionnaire x2  
  36  11:51  Robotics Facility  
  36  12:11  Legionnaire x2  
  42  12:41  Legionnaire  
  45  13:18  Pylon  
  45  13:28  Pylon  
  45  13:42  Pylon  
  45  13:43  Legionnaire x2  
  51  14:01  Immortal  
  55  14:13  Legionnaire x2  
  61  14:43  Legionnaire  
  64  14:56  Immortal  
  68  16:21  Immortal  
  12  19:33  Legionnaire  
  12  19:35  Legionnaire  
  18  19:44  Immortal  
  22  20:03  Legionnaire, Robotics Bay  
  22  20:05  Legionnaire  
  28  20:33  Legionnaire  
  28  20:35  Legionnaire  
  28  20:38  Immortal  
  38  21:03  Legionnaire  
  38  21:05  Legionnaire  
  44  21:10  Extended Thermal Lance  
  44  21:33  Immortal, Legionnaire  
  44  21:35  Legionnaire  
  54  22:03  Conservator  
  54  22:05  Conservator  
  58  22:24  Conservator  
  58  22:28  Conservator, Immortal  
  62  22:40  Conservator  
  62  22:42  Conservator  
Show
View Real Time Build Order
Export as new Build Order

larsgj Terran 

Build Orders:  

Get SALT Encoding   

    0:09  SCV x12  
    0:26  Unknown x3  
  12  0:30  SCV  
  13  0:48  Supply Depot  
  13  0:53  SCV  
  14  1:10  SCV  
  15  1:25  Barracks  
  15  1:27  SCV  
  16  1:43  Supply Depot  
  16  1:44  SCV  
  17  2:01  SCV  
  17  2:06  Marine  
  19  2:18  SCV  
  19  2:19  Marine  
  21  2:23  Refinery  
  21  2:25  Refinery  
  21  2:31  Marine  
  21  2:35  SCV  
  23  2:41  Supply Depot  
  23  2:44  Marine  
  24  2:54  SCV  
  24  2:56  Marine  
  26  3:08  Marine  
  27  3:18  Supply Depot  
  27  3:21  Marine  
  28  3:45  Barracks Tech Lab  
  28  3:53  SCV  
  28  3:55  Supply Depot  
  29  4:03  Engineering Bay  
  29  4:10  Marine  
  30  4:20  SCV  
  30  4:22  Medic  
  33  4:35  Marine  
  33  4:37  Barracks  
  34  4:43  SCV  
  34  4:47  Medic  
  37  5:00  Marine  
  38  6:07  Barracks Tech Lab  
  38  6:10  Barracks  
  38  6:15  Marine  
  39  6:28  Marine  
  40  6:37  Marine  
  41  6:40  Medic  
  43  6:50  Medic  
  43  6:53  Marine  
  46  7:02  Marine  
  46  7:05  Marine  
  48  7:15  Medic  
  48  7:18  Marine  
  51  7:27  Medic  
  47  7:32  Medic  
  47  7:37  Barracks Tech Lab  
  50  7:40  Marine  
  50  7:44  Medic  
  47  7:52  Medic  
  47  7:53  Terran Infantry Weapons Level 1  
  47  7:57  Marine, Medic  
  51  8:03  Factory  
  51  8:05  Marine  
  51  8:07  SCV  
  51  8:09  Marine  
  53  8:17  Marine  
  55  8:51  Marine  
  55  9:16  Supply Depot  
  55  9:46  Marine x2, Medic, SCV  
  60  9:58  Marine x3  
  60  9:59  Supply Depot  
  63  10:12  Armory  
  63  10:28  Marine x2, Medic  
  67  10:31  Supply Depot  
  67  10:33  Terran Infantry Armor Level 1  
  67  10:41  Marine x3  
  70  10:53  Marine  
  71  11:00  Marine, Medic  
  71  11:03  Supply Depot  
  71  11:06  Marine  
  75  11:13  Marine, Medic  
  78  11:25  Marine  
  79  11:33  Marine, Medic  
  79  11:36  Supply Depot  
  79  11:38  Marine  
  83  11:45  Marine, Medic  
  86  11:58  Marine  
  87  12:05  Marine, Medic  
  88  12:10  Marine  
  89  12:27  Unknown  
  89  13:12  Terran Infantry Weapons Level 2  
  89  13:15  Supply Depot  
  89  13:20  Stabilizer Medpacks  
  89  13:23  Concussive Shells  
  89  13:49  Supply Depot  
  89  14:13  Marine x2  
  89  14:14  Marine  
  92  14:21  Supply Depot  
  92  14:26  Marine x2, Medic  
  96  14:38  Marine, Medic  
  96  14:39  Marine  
  100  14:51  Marine, Medic x2  
  100  14:53  Supply Depot  
  105  15:03  Marine x2, Medic  
  109  15:24  Supply Depot  
  109  15:32  Neosteel Frame  
  78  16:19  Marine x2  
  74  16:20  Marine  
  77  16:32  Marine x3  
  80  16:44  Medic x2  
  80  16:45  Marine  
  85  16:57  Marine x2, Medic  
  89  17:09  Marine x2, Medic  
  92  17:22  Structure Armor  
  92  17:57  Marine x3  
  95  18:09  Marine  
  110  18:10  Marine, Medic  
  95  18:18  Supply Depot  
  99  18:22  Marine, Medic x2, Terran Infantry Weapons Level 3  
  99  18:23  Supply Depot  
  104  18:34  Marine, Medic  
  104  18:35  Medic  
  109  18:47  Marine x3  
  112  18:52  Supply Depot  
  112  18:55  Supply Depot  
  112  19:23  Supply Depot  
  108  20:08  Supply Depot  
  104  20:53  Supply Depot  
  103  21:24  Supply Depot  
  130  21:30  Marine x3  
  106  21:42  Marine, Medic x2  
  111  21:54  Marine  
  111  21:55  Marine x2  
  114  22:07  Marine, Medic x2  
  119  22:19  Marine x2  
  119  22:20  Marine  
Tags
 
Commander
FenixRaynor
Matchup
Co-op
Replay Pack
Multiplayer
Add a new tag
Caveats
  • Supply blocks, unpowered buildings, or Contaminate may cause inaccurate times.
  • Supply counts are checked every 10 seconds.